 Dungeon Crawl Stone Soup version 0.24.0-123-gd5b16e6ec5 (webtiles) character file.

Game seed: 7851795539090812260, levelgen mode: deterministic

4909 Mesmaeker13 the Geomancer (level 10, -7/103 HPs)
             Began as a Green Draconian Earth Elementalist on Feb 9, 2020.
             Was a Believer of Sif Muna.
             Killed from afar by a gargoyle (17 damage)
             ... with a stone arrow
             ... on level 8 of the Dungeon.
             The game lasted 00:21:50 (12512 turns).

Mesmaeker13 the Geomancer (DrEE)                   Turns: 12512, Time: 00:21:51

Health: -7/103     AC: 25    Str: 11    XL:     10   Next: 27%
Magic:  2/14       EV:  2    Int: 18    God:    Sif Muna [**....]
Gold:   529        SH:  0    Dex: 12    Spells: 11/15 levels left

rFire    . . .     SeeInvis .   E - +0 spear (flame)
rCold    . . .     Gourm    .   (no shield)
rNeg     + + +     Faith    .   (armour unavailable)
rPois    +         Spirit   .   (helmet currently unavailable)
rElec    .         Reflect  .   (cloak currently unavailable)
rCorr    .         Harm     .   (gloves currently unavailable)
MR       .....     NoTele   +   (boots currently unavailable)
Stlth    ++........             d - amulet of the acrobat
HPRegen  0.27/turn              (no ring)
MPRegen  0.14/turn              (no ring)

@: tree-form
A: (breathe noxious fumes), unfitting armour, AC +7
a: Channel Magic, Renounce Religion


You were on level 8 of the Dungeon.
You worshipped Sif Muna.
Sif Muna was pleased with you.
You were not hungry.
You were a tree.
You visited 2 branches of the dungeon, and saw 9 of its levels.

You collected 529 gold pieces.

Inventory:

Hand Weapons
 E - a +0 spear of flaming (weapon)
Missiles
 b - 80 stones (quivered)
 e - 42 poisoned darts
 q - 3 silver javelins
Armour
 l - a +0 cloak (melded)
 r - a +0 shield
Jewellery
 d - an amulet of the acrobat (around neck)
Scrolls
 a - 2 scrolls of noise
 f - 3 scrolls of enchant weapon
 g - 2 scrolls of enchant armour {unknown}
 h - 2 scrolls of amnesia {unknown}
 i - 2 scrolls of teleportation
 n - 10 scrolls of remove curse
 v - a scroll of magic mapping {unknown}
 x - 3 scrolls of fear {unknown}
 z - a scroll of random uselessness {unknown}
 D - a scroll of summoning {unknown}
Potions
 j - a potion of invisibility
 k - 2 potions of lignification
 m - a potion of ambrosia {unknown}
 o - 2 potions of curing
 p - 2 potions of flight {unknown}
 s - a potion of heal wounds {unknown}
 u - a potion of might {unknown}
 w - 2 potions of degeneration {unknown}
 B - a potion of resistance {unknown}
Comestibles
 c - 12 rations


   Skills:
 + Level 8.3 Dodging
 - Level 1.7 Stealth
 - Level 3.0 Spellcasting
 + Level 8.3 Conjurations
   Level 1.0 Transmutations
 + Level 9.3 Earth Magic


You had 11 spell levels left.
You knew the following spells:

 Your Spells              Type           Power        Failure   Level  Hunger
a - Sandblast             Erth           #####.       1%          1    None
b - Stone Arrow           Conj/Erth      ####..       1%          3    ###....

Your spell library contained the following spells:

 Spells                   Type           Power        Failure   Level  Hunger
 Passwall                 Tmut/Erth      ###.....     3%          2    ##.....
 Lee's Rapid Deconstruct  Erth           #####.....   10%         5    ######.
 Confusing Touch          Hex            #.....       16%         1    None
 Corona                   Hex            #......      16%         1    None
 Petrify                  Tmut/Erth      ###.....     19%         4    ####...
 Slow                     Hex            #.......     24%         2    ##.....
 Leda's Liquefaction      Hex/Erth       ###.......   24%         4    ####...
 Confuse                  Hex            #.......     43%         3    ###....
 Gell's Gravitas          Tloc           #.........   43%         3    ###....
 Inner Flame              Hex/Fire       #.......     43%         3    ###....
 Portal Projectile        Hex/Tloc       #.....       43%         3    ###....
 Cause Fear               Hex            #.........   85%         4    ####...
 Yara's Violent Unravell  Hex/Tmut       #.........   98%         5    ######.
 Metabolic Englaciation   Hex/Ice        #.........   99%         5    ######.


Dungeon Overview and Level Annotations

Branches:
Dungeon (8/15)             Temple (1/1) D:5
   Lair: D:8-11

Altars:
Ashenzari
Cheibriados
Dithmenos
Elyvilon
Fedhas
Gozag
Hepliaklqana
Kikubaaqudgha
Makhleb
Nemelex Xobeh
Okawaru
Qazlal
Ru
Sif Muna
Trog
Uskayaw
Vehumet
Wu Jian
Xom
Yredelemnul
Zin
The Shining One

Annotations:
D:5 Blork the orc


Innate Abilities, Weirdness & Mutations

((You can breathe blasts of noxious fumes.))
((Your lurid green scales are hard. (AC +7)))
You cannot fit into any form of body armour.
((Your system is resistant to poisons. (rPois)))
((You are cold-blooded and may be slowed by cold attacks.))


Message History

The gargoyle hits you with a +0 morningstar!
* * * LOW HITPOINT WARNING * * *
You hit the gargoyle but do no damage.
The gargoyle is severely damaged.
The gargoyle hits you but does no damage.
Okay, then.
Unknown command.
You hit the gargoyle. You burn the gargoyle.
The gargoyle is severely damaged.
The gargoyle hits you but does no damage.
You hit the gargoyle but do no damage.
The gargoyle is severely damaged.
You hit the gargoyle but do no damage.
The gargoyle is severely damaged.
The gargoyle hurls a stone arrow at you.
The stone arrow hits you!
* * * LOW HITPOINT WARNING * * *
The gargoyle hurls a stone arrow at you.
The stone arrow hits you!
You die...

..###......#..#..########
...##..#.#.#....##
....#########...##
##...#...........##
##...............########
#.......######.........)
##.....## #..######..
##....# #..# ##...# #♣##
##..# #9# #..# #.# ##..#
#(. ##...# ##. ##>.### #.
##..## # ##..## ##..##


You could see a gargoyle.

Vanquished Creatures
  A two-headed ogre (D:8)
  Prince Ribbit (D:4)
  A human (D:8)
  Eustachio (D:5)
  2 steam dragons (D:7)
  4 orc warriors
  2 sky beasts
  A phantom (D:5)
  2 centaurs
  7 ogres
  2 big kobolds
  4 bullfrogs
  A gnoll sergeant (D:8)
  A water moccasin skeleton (D:5)
  3 wights (D:7)
  2 howler monkeys
  3 crimson imps
  4 bullfrog skeletons
  2 hounds
  4 jellies
  2 orc priests
  4 orc wizards
  2 centaur skeletons
  12 worker ants
  3 iguanas
  A hound skeleton (D:5)
  Robin (D:2)
  16 gnolls
  A howler monkey skeleton (D:5)
  A river rat (D:3)
  11 adders
  2 shadow imps
  An ooze (D:3)
  An adder skeleton (D:6)
  5 worms
  A dart slug (D:2)
  4 leopard geckos
  14 orcs
  3 bats (D:1)
  7 giant cockroaches
  13 goblins
  7 hobgoblins
  8 jackals
  2 quokkas (D:3)
  A ball python (D:4)
  4 frilled lizards (D:2)
  A giant cockroach zombie (D:5)
  A jackal skeleton (D:8)
  10 kobolds
  A quokka skeleton (D:5)
  A quokka zombie (D:5)
  12 rats
201 creatures vanquished.

Notes
Turn   | Place    | Note
-------+----------+-------------------------------------------
     0 | D:1      | Mesmaeker13 the Draconian Earth Elementalist began the
                  | quest for the Orb.
     0 | D:1      | Reached XP level 1. HP: 14/14 MP: 3/3
    85 | D:1      | Found a shimmering altar of Xom.
   732 | D:2      | Reached XP level 2. HP: 16/20 MP: 5/5
  1004 | D:2      | Reached XP level 3. HP: 26/26 MP: 3/6
  1241 | D:2      | Found a glowing silver altar of Zin.
  1474 | D:2      | Noticed Robin
  1565 | D:2      | Killed Robin
  1565 | D:2      | Reached XP level 4. HP: 33/33 MP: 4/8
  2213 | D:2      | Learned a level 3 spell: Stone Arrow
  2515 | D:3      | Reached skill level 4 in Earth Magic
  2808 | D:3      | Reached skill level 1 in Conjurations
  2808 | D:3      | Reached XP level 5. HP: 23/38 MP: 5/9
  3007 | D:3      | Found a glowing drain.
  3531 | D:4      | Reached XP level 6. HP: 23/45 MP: 1/10
  4198 | D:4      | Reached skill level 5 in Earth Magic
  4286 | D:4      | Your scales start taking on a lurid green colour.
  4286 | D:4      | Reached XP level 7. HP: 38/50 MP: 1/11
  4286 | D:4      | Gained mutation: Your system is resistant to poisons.
                  | (rPois) [Green Draconian growth]
  4541 | D:5      | Entered Level 5 of the Dungeon
  4541 | D:5      | Noticed Prince Ribbit
  4558 | D:4      | Killed Prince Ribbit
  4774 | D:4      | Reached skill level 5 in Dodging
  4774 | D:4      | Reached skill level 6 in Earth Magic
  4974 | D:5      | Reached XP level 8. HP: 53/57 MP: 2/12
  5133 | D:5      | Found a staircase to the Ecumenical Temple.
  5145 | Temple   | Entered the Ecumenical Temple
  5175 | Temple   | Became a worshipper of Sif Muna the Loreminder
  5453 | D:5      | Noticed Eustachio
  5473 | D:5      | Killed Eustachio
  5788 | D:5      | Reached skill level 5 in Conjurations
  5855 | D:5      | Noticed Blork the orc
  6847 | D:6      | Reached skill level 7 in Earth Magic
  7567 | D:6      | Reached XP level 9. HP: 56/62 MP: 13/13
  8423 | D:7      | Reached * piety under Sif Muna
  8533 | D:7      | Reached skill level 8 in Earth Magic
 10076 | D:8      | Noticed a two-headed ogre
 10085 | D:8      | Killed a two-headed ogre
 10494 | D:8      | Reached XP level 10. HP: 48/69 MP: 8/14
 10601 | D:8      | Reached skill level 9 in Earth Magic
 11274 | D:8      | Found a bloodstained altar of Trog.
 11669 | D:8      | Reached ** piety under Sif Muna
 12487 | D:8      | Noticed a gargoyle
 12512 | D:8      | Killed from afar by a gargoyle

Levels and vault maps discovered:
D:1:      minmay_arrival_radiant_lines, layout_loops_ring, xom_teletrap_fun
D:2:      layout_basic, nicolae_overflow_crystal_walls,
          chequers_serial_rivers_micro_a, uniq_robin
D:3:      layout_rooms, first_ration, gup_sewer_entry_spiral
D:4:      layout_basic, serial_rivers, chequers_serial_rivers_micro_d,
          chequers_serial_rivers_small_b, chequers_serial_rivers_micro_e,
          chequers_serial_rivers_micro_b
D:5:      layout_cave_pools, minmay_temple_entry_large_hall, uniq_eustachio,
          uniq_prince_ribbit1, uniq_blork_the_orc
D:6:      layout_loops_ring
D:7:      cheibrodos_steamvent, layout_loops_corners, serial_rivers,
          chequers_serial_rivers_large_a, chequers_serial_rivers_micro_b,
          chequers_serial_rivers_small_3, chequers_serial_rivers_micro_c
D:8:      layout_layer_cave, grunt_pizzeria, trog_butcher_becter
Temple:   nicolae_temple_the_god_donut

Skill      XL: |  1  2  3  4  5  6  7  8  9 10 |
---------------+-------------------------------+-----
Dodging        | 2 3 4 5 6 7 8 |  8.3
Spellcasting   | 3 |  3.0
Earth Magic    | 4 5 6 7 8 9 |  9.3
Conjurations   | 1 2 3 4 6 7 8 |  8.3
Stealth        | |  1.7
Transmutations | |  1.0

Action                   |  1- 3 |  4- 6 |  7- 9 | 10-12 || total
-------------------------+-------+-------+-------+-------++-------
Melee: Spear             |    50 |    36 |       |    21 ||   107
       Tailslap          |     1 |    21 |    24 |     5 ||    51
       Short sword       |       |   132 |    61 |       ||   193
       Rapier            |       |       |   174 |    30 ||   204
Throw: Dart              |       |     6 |    45 |     5 ||    56
       Throwing net      |       |       |       |     1 ||     1
 Cast: Sandblast         |    29 |    69 |    57 |    21 ||   176
       Stone Arrow       |       |    10 |    61 |    35 ||   106
 Abil: Breathe Noxious F |       |       |     8 |     4 ||    12
  Use: Scroll            |     1 |     6 |     3 |     1 ||    11
       Potion            |       |       |       |     3 ||     3
 Stab: Sleeping          |     3 |     1 |     2 |       ||     6
       Distracted        |       |       |     1 |       ||     1
       Confused          |       |       |     1 |       ||     1
  Eat: Chunk             |     2 |    10 |    17 |     7 ||    36
       Ration            |       |       |     3 |     1 ||     4
Armor: Skin              |    11 |    54 |    82 |    30 ||   177
Dodge: Dodged            |    35 |   130 |   287 |    74 ||   526
